 Dungeon Crawl Stone Soup version 0.27.1-2-g3b301248ec (webtiles) character file.

Game seed: 11976920184807247686

1960 worthlessgem the Ducker (level 9, -6/67 HPs)
             Began as a Djinni Hedge Wizard on Sept 27, 2021.
             Was an Initiate of Gozag.
             Splashed by Harold's acid (14 damage)
             ... on level 7 of the Dungeon.
             The game lasted 00:50:38 (9924 turns).

worthlessgem the Ducker (Djinni Hedge Wizard)       Turns: 9924, Time: 00:50:39

Health: -6/67      AC:  2    Str: 10    XL:     9   Next: 42%
Gold:   542        EV: 15    Int: 18    God:    Gozag SH:  0 Dex: 13

rFire    + + .     SeeInvis .   n - +4 scimitar (freeze)
rCold    x . .     Faith    .   (no shield)
rNeg     . . .     Spirit   .   w - +0 steam dragon scales
rPois    ∞         Reflect  .   m - +0 helmet
rElec    .         Harm     .   E - +0 cloak
rCorr    .         Rampage  .   d - +2 pair of gloves
Will     ++...                  (boots unavailable)
Stlth    ++........             (no amulet)
HPRegen  0.21/turn              e - ring of willpower
MPRegen  0.00/turn              j - ring of willpower

@: corroded, flying
A: sickness immunity, fire resistance 2, cold vulnerability 1, float, innate
caster, hp casting, extra vitality 1
a: Renounce Religion, Potion Petition, Call Merchant, Bribe Branch


You were on level 7 of the Dungeon.
You worshipped Gozag.
Gozag was pleased with you.
You visited 2 branches of the dungeon, and saw 8 of its levels.
You also visited: Ossuary.

You collected 689 gold pieces.
You paid 147 gold pieces to Gozag.

Inventory:

Hand Weapons
 a - a +0 hunting sling
 b - a +0 great mace
 n - a +4 scimitar of freezing (weapon)
 v - a +0 dagger
Missiles
 h - 27 bolts
 r - 106 stones
 s - 68 sling bullets
 x - 38 poisoned darts
Armour
 d - a +2 pair of gloves (worn)
 k - a +0 scale mail of cold resistance
 m - a +0 helmet (worn)
 w - +0 steam dragon scales (worn)
 E - a +0 cloak (worn)
Jewellery
 e - a ring of willpower (left hand)
 j - a ring of willpower (right hand)
 q - an amulet of faith
Wands
 g - a wand of acid (11)
 G - a wand of flame (9)
Scrolls
 c - a scroll of identify
 p - 6 scrolls of teleportation {unknown}
 u - 2 scrolls of amnesia {unknown}
 y - 2 scrolls of torment {unknown}
 B - a scroll of enchant weapon {unknown}
 C - a scroll of vulnerability {unknown}
 F - a scroll of fog {unknown}
Potions
 f - a potion of mutation {unknown}
 i - a potion of brilliance {unknown}
 l - 5 potions of heal wounds
 o - 4 potions of curing
 t - a potion of flight {unknown}
 z - 2 potions of attraction {unknown}
 A - 2 potions of cancellation {unknown}
 D - a potion of ambrosia {unknown}
 H - a potion of degeneration {unknown}


   Skills:
 - Level 6.9 Fighting
 + Level 1.4(1.8) Short Blades
 + Level 1.4(1.7) Long Blades
 - Level 7.1 Dodging
 + Level 2.3 Stealth
 - Level 5.2 Spellcasting
 + Level 0.0 Evocations


You couldn't memorise any spells.
You knew the following spells:

 Your Spells              Type           Power      Damage    Failure   Level
a - Magic Dart            Conj           92%        1d7       1%          1
b - Blink                 Tloc           N/A        N/A       2%          2
c - Call Imp              Summ           23%        N/A       2%          2
d - Slow                  Hex            23%        N/A       2%          2
e - Conjure Flame         Conj/Fire      23%        6-21      4%          3
f - Mephitic Cloud        Conj/Pois/Air  23%        N/A       4%          3
g - Shock                 Conj/Air       92%        1d8       1%          1
h - Searing Ray           Conj           46%        3d4       2%          2
i - Tukima's Dance        Hex            23%        N/A       4%          3
j - Dazzling Flash        Conj/Hex       46%        N/A       4%          3
Your spell library was empty.

Dungeon Overview and Level Annotations

Branches:
Dungeon (7/15)             Temple (1/1) D:4         Ossuary (visited)

Altars:
Cheibriados
Gozag
Makhleb
Qazlal
Sif Muna
Trog
Vehumet
Wu Jian
Yredelemnul
The Shining One

Shops:
D:2 (?:!   D:4 *

Annotations:
D:3 3 runed translucent doors, exclusion: orc wizard, Natasha; Rickety's ghost, novice GnVM
D:6 exclusion: vampire, bnorton916's ghost, novice DECj
D:7 Harold


Innate Abilities, Weirdness & Mutations

You are immune to sickness and miasma.
You are immune to poison.
Your flesh is very heat resistant. (rF++)
You are vulnerable to cold. (rC-)
You float through the air rather than walking.
You learn spells naturally, not from books.
Your magical power is your life essence.
You have superior vitality. (+4 HP)


Message History

Harold is engulfed in noxious fumes.
Harold closely misses you.
You slash Harold! You freeze Harold.
Harold is severely wounded.
Harold seems less confused.
Harold is engulfed in noxious fumes.
Harold zaps a wand.
The bolt of acid misses you.
Unknown command.
Casting: Mephitic Cloud (dangerous; 4% risk of failure)
Confirm with . or Enter, or press ? or * to list all spells.
Aiming: Mephitic Cloud (dangerous; 4% risk of failure)
Press: ? - help, Shift-Dir - straight line, f/p - Harold
Aim: Harold, wielding a +5 vampiric war axe, wearing a +1 scale mail of willpower, quivering 2 throwing nets and carrying a wand of acid (3) (noxious fumes, severely wounded, covered in acid, chance to affect: 58%)
The ball explodes into a vile cloud!
The stinking cloud engulfs Harold but does no damage.
Harold is severely wounded.
The stinking cloud engulfs you but does no damage.
Harold is engulfed in noxious fumes.
Harold barely misses you.
You slash Harold! You freeze Harold.
Harold is severely wounded.
Harold is no longer covered in acid.
Harold zaps a wand.
The bolt of acid hits you! The acid corrodes you!
You are splashed with acid!
* * * LOW HITPOINT WARNING * * *
Harold drinks a potion.
Harold is healed!
Unknown command.
Aiming: Corrosive Bolt
Press: ? - help, Shift-Dir - straight line, f/p - Harold
Aim: Harold, wielding a +5 vampiric war axe, wearing a +1 scale mail of willpower, quivering 2 throwing nets and carrying a wand of acid (2) (heavily wounded, 83% to hit)
The bolt of acid misses Harold.
Harold barely misses you.
You riposte.
You hit Harold. You freeze Harold.
Harold is heavily wounded.
Aiming: Corrosive Bolt
Press: ? - help, Shift-Dir - straight line, f/p - Harold
Aim: Harold, wielding a +5 vampiric war axe, wearing a +1 scale mail of willpower, quivering 2 throwing nets and carrying a wand of acid (2) (heavily wounded, 83% to hit)
The bolt of acid hits Harold!
Harold is splashed with acid.
Harold is severely wounded.
Harold says, "Let's make it quick, okay?
I've got mouths to feed."
Harold zaps a wand.
The bolt of acid hits you!
* * * LOW HITPOINT WARNING * * *
The acid corrodes you!
You are splashed with acid!
You die...
Your body crumbles into a pile of gold.

###### . #....# ..
#.°°.# )........$.
#.@°.# ............
#°@°.#.....c.#.....
###................
#.#.###.##.......
########.#..............
#..........#..........>.
#..............###...<..
#..........#............
#.......................
#.....<....#...(........


You could see Harold.

Vanquished Creatures
  Prince Ribbit (D:6)
  A steam dragon (D:4)
  A water moccasin (D:6)
  A sky beast (D:5)
  An ice beast (D:6)
  2 centaurs
  A phantom (D:6)
  2 bullfrogs (D:6)
  Dowan (D:6)
  2 water moccasin zombies (Ossuary)
  A water moccasin skeleton (D:5)
  2 wights (D:6)
  A bullfrog zombie (D:5)
  A jelly (D:5)
  2 orc priests
  A bullfrog skeleton (D:5)
  A gnoll shaman (D:7)
  2 centaur skeletons
  2 iguanas
  An orc wizard (D:7)
  2 mummies (Ossuary)
  3 gnolls (D:7)
  6 adders
  2 ufetubi
  5 adder zombies (Ossuary)
  3 worms
  2 dart slugs
  11 orcs
  3 ball pythons
  5 endoplasms
  4 giant cockroaches
  4 gnoll zombies (Ossuary)
  4 goblins
  5 hobgoblins
  3 jackals (D:1)
  5 kobolds
  5 quokkas
  6 bats
  7 frilled lizards
  6 hobgoblin zombies (Ossuary)
  5 kobold zombies (Ossuary)
  3 orc zombies (Ossuary)
  6 rats
132 creatures vanquished.

Vanquished Creatures (collateral kills)
  Duvessa (D:6)
  An ogre (D:4)
  A kobold brigand (D:5)
  A wight (D:6)
  A mummy (D:6)
  2 ufetubi
  An adder zombie (Ossuary)
  4 orcs
  A ball python (D:1)
  A giant cockroach (D:4)
  5 jackals (D:1)
  A hobgoblin zombie (Ossuary)
20 creatures vanquished.

Vanquished Creatures (others)
  A dancing weapon (D:6)
  2 fungi (D:3)
  3 plants
6 creatures vanquished.

Grand Total: 158 creatures vanquished

Notes
Turn   | Place    | Note
-------+----------+-------------------------------------------
     0 | D:1      | worthlessgem the Djinni Hedge Wizard began the quest for
                  | the Orb.
     0 | D:1      | Reached XP level 1. HP: 15/15 MP: 0/0
   379 | D:1      | Reached XP level 2. HP: 19/21 MP: 0/0
   971 | D:1      | Reached XP level 3. HP: 22/25 MP: 0/0
   971 | D:1      | Learned a level 1 spell: Shock
  1393 | D:1      | Found a faded altar of an unknown god.
  1598 | D:2      | Found Rircheamp's Weapon Shoppe.
  1741 | D:2      | Found Nocasat's Distillery.
  1893 | D:2      | Found Reraw's Magic Scroll Shoppe.
  1909 | D:2      | Reached XP level 4. HP: 26/31 MP: 0/0
  1973 | D:2      | Found Ampualej's Book Shoppe.
  2906 | D:3      | Noticed Natasha
  2977 | D:4      | Noticed an ogre
  3000 | D:3      | Found a runed translucent gate.
  3001 | D:3      | Found a runed translucent gate.
  3001 | D:3      | Noticed Rickety's ghost (novice GnVM)
  3002 | D:3      | Found a runed translucent gate.
  3002 | D:3      | Noticed a kobold brigand
  3415 | D:3      | Found a snail-covered altar of Cheibriados.
  3741 | D:4      | Found Ithranos's Assorted Antiques.
  3776 | D:4      | Killed an ogre
  3777 | D:4      | Reached skill level 1 in Fighting
  3777 | D:4      | Reached XP level 5. HP: 29/37 MP: 0/0
  3777 | D:4      | Learned a level 2 spell: Searing Ray
  4264 | D:4      | Noticed a steam dragon
  4308 | D:4      | Killed a steam dragon
  4309 | D:4      | Reached XP level 6. HP: 10/45 MP: 0/0
  4860 | D:4      | You are sucked into a shaft and drop 3 floors!
  4860 | D:7      | Noticed an ice beast
  4860 | D:7      | Noticed a sky beast
  4879 | D:6      | Killed an ice beast
  4880 | D:6      | Reached skill level 5 in Spellcasting
  4880 | D:6      | Reached XP level 7. HP: 20/49 MP: 0/0
  4880 | D:6      | Learned a level 3 spell: Tukima's Dance
  4996 | D:6      | Found a sand-covered staircase.
  5072 | Ossuary  | Entered an ossuary
  5733 | Ossuary  | Reached skill level 3 in Dodging
  5902 | D:6      | Found a runed translucent door.
  5903 | D:6      | Noticed bnorton916's ghost (novice DECj)
  6077 | D:6      | Found a glowing golden altar of the Shining One.
  6078 | D:6      | Noticed Duvessa
  6105 | D:6      | Killed Duvessa
  6127 | D:6      | Found a burning altar of Makhleb.
  6129 | D:6      | Noticed Dowan
  6147 | D:6      | Killed Dowan
  6212 | D:6      | Reached skill level 4 in Dodging
  6235 | D:5      | Entered Level 5 of the Dungeon
  6247 | D:5      | Found a basalt altar of Yredelemnul.
  6475 | D:4      | Reached XP level 8. HP: 52/58 MP: 0/0
  6534 | D:4      | Found a staircase to the Ecumenical Temple.
  6543 | Temple   | Entered the Ecumenical Temple
  6553 | Temple   | Became a worshipper of Gozag Ym Sagoz the Greedy
  6867 | D:5      | Reached skill level 5 in Fighting
  6988 | D:5      | Reached skill level 5 in Dodging
  7752 | D:6      | Noticed a vampire
  7864 | D:6      | Noticed Prince Ribbit
  7878 | D:6      | Killed Prince Ribbit
  7879 | D:6      | Reached skill level 6 in Dodging
  7883 | D:6      | Reached XP level 9. HP: 55/67 MP: 0/0
  7883 | D:6      | Learned a level 3 spell: Dazzling Flash
  8699 | D:6      | Reached skill level 7 in Dodging
  9007 | D:7      | Reached skill level 1 in Long Blades
  9161 | D:7      | Reached skill level 1 in Short Blades
  9317 | D:7      | Noticed Harold
  9924 | D:7      | Splashed by Harold's acid

Illustrated notes

Levels and vault maps discovered:
D:1:      amcnicky_arrival_wind_blow, layout_basic,
          shapermc_ecumenical_altar_petra
D:2:      layout_rooms, serial_shops, nicolae_shop_waterfront, shop_coins,
          nicolae_square_shop, shop, bh_walls_and_bars
D:3:      layout_loops_corners, cheibriados_altar_2,
          gammafunk_ghost_nasty_kobolds, uniq_natasha
D:4:      layout_rooms, led_sif_pool, minmay_temple_entry_antechambers,
          serial_shops, shop
D:5:      layout_loops_ring, mainiacjoe_overflow_boulevard,
          minmay_misc_feat_pillars, hangedman_decor_diamond_cutter
D:6:      layout_basic, gammafunk_temple_overflow_forgotten,
          ebering_ghost_sewer_d, gup_ossuary_entry_pyramid, uniq_duvessa,
          uniq_prince_ribbit1
D:7:      layout_rooms, uniq_harold
Temple:   eino_temple_scatter_basement

Skill      XL: |  1  2  3  4  5  6  7  8  9 |
---------------+----------------------------+-----
Spellcasting   | 3 4 5 |  5.2
Fighting       | 1 2 4 6 |  6.9
Dodging        | 4 6 7 |  7.1
Long Blades    | 1 |  1.4
Stealth        | 2 |  2.3
Short Blades   | 1 |  1.4

Action                   |  1- 3 |  4- 6 |  7- 9 || total
-------------------------+-------+-------+-------++-------
Melee: Short sword       |     7 |       |       ||     7
       Great mace        |       |    29 |   122 ||   151
       Dagger            |       |     8 |    10 ||    18
       Scimitar          |       |       |    12 ||    12
 Fire: Hunting sling     |       |    57 |    10 ||    67
 Cast: Magic Dart        |    41 |    14 |       ||    55
       Call Imp          |     6 |    11 |    29 ||    46
       Shock             |    28 |    13 |     4 ||    45
       Conjure Flame     |       |     6 |    19 ||    25
       Searing Ray       |       |     4 |    13 ||    17
       Mephitic Cloud    |       |     1 |    21 ||    22
       Tukima's Dance    |       |       |     4 ||     4
       Slow              |       |       |     5 ||     5
       Blink             |       |       |     4 ||     4
       Dazzling Flash    |       |       |     2 ||     2
Evoke: Wand              |       |       |     5 ||     5
  Use: Scroll            |       |       |     5 ||     5
 Stab: Confused          |       |     1 |     4 ||     5
       Distracted        |       |       |     2 ||     2
Armor: Robe              |    12 |    17 |       ||    29
       Steam dragon scal |       |    16 |    89 ||   105
Dodge: Dodged            |    23 |    58 |   171 ||   252
       Rpst.: Scimitar   |       |       |     5 ||     5
